 Dungeon Crawl Stone Soup version 0.19-a0-944-gb338e1e (webtiles) character file.

199 Implojin the Chopper (level 5, -5/45 HPs)
             Began as a Minotaur Fighter on July 9, 2016.
             Was an Initiate of Okawaru.
             Slain by mibe's ghost (14 damage)
             ... on level 6 of the Dungeon.
             The game lasted 00:04:24 (781 turns).

Implojin the Chopper (Minotaur Fighter)              Turns: 781, Time: 00:04:24

Health: -5/45      AC:  9    Str: 20    XL:     5   Next: 48%
Magic:  4/4        EV:  5    Int:  5    God:    Okawaru [......]
Gold:   25         SH:  9    Dex: 11    Spells: 0 memorised, 4 levels left

rFire  . . .     SeeInvis .     a - +0 war axe
rCold  . . .     Gourm    .     k - +0 chain mail
rNeg   . . .     Faith    .     c - +0 shield
rPois  .         Spirit   .     (helmet restricted)
rElec  .         Dismiss  .     (no cloak)
rCorr  .         Reflect  .     (no gloves)
SustAt .         Harm     .     (no boots)
MR     .....     Rnd*Tele +     (no amulet)
Stlth  ..........               (no ring)
                                (no ring)

@: very slightly contaminated, hasted, very quick, not resistant to hostile
enchantments, extremely unstealthy
A: retaliatory headbutt, beak, horns 2, regeneration 1, teleportitis 1
a: Renounce Religion


You were on level 6 of the Dungeon.
You worshipped Okawaru.
Okawaru was noncommittal.
You were not hungry.

You visited 2 branches of the dungeon, and saw 7 of its levels.

You collected 25 gold pieces.

Inventory:

Hand Weapons
 a - a +0 war axe (weapon)
Armour
 b - a +0 scale mail
 c - a +0 shield (worn)
 k - a +0 chain mail (worn)
Wands
 o - a wand of iceblast (11/15)
Scrolls
 d - a scroll of fog
 g - 2 scrolls of fear {unknown}
 h - a scroll of noise {unknown}
 i - a scroll of amnesia {unknown}
 j - 4 scrolls of remove curse {unknown}
 p - a scroll of enchant weapon {unknown}
Potions
 l - a potion of degeneration
 n - a potion of mutation
 q - a potion of haste
Comestibles
 f - 2 bread rations
 m - 2 meat rations


   Skills:
 - Level 3.6 Fighting
 * Level 7.0 Axes
 - Level 3.6 Armour
 - Level 3.6 Shields


You had 4 spell levels left.
You didn't know any spells.

Dungeon Overview and Level Annotations

Branches:
Dungeon (6/15)             Temple (1/1) D:6

Altars:
Cheibriados
Dithmenos
Gozag
Hepliaklqana
Makhleb
Nemelex Xobeh
Okawaru
Pakellas
Ru
Uskayaw
Xom
The Shining One

Shops:
D:4 =

Annotations:
D:6 mibe's ghost, novice TrHu


Innate Abilities, Weirdness & Mutations

You reflexively headbutt those who attack you in melee.
You have a pair of horns on your head.
You have a beak for a mouth.
Your natural rate of healing is unusually fast.
You are occasionally teleported next to monsters.


Message History

You are very lightly contaminated with residual magic.
You kneel at the altar of Okawaru.
Okawaru welcomes you!
As you read the scroll labeled VAHYING CALOS, it crumbles to dust.
It is a scroll of identify.
l - a potion of degeneration
As you read the scroll of identify, it crumbles to dust.
d - a scroll of fog
There is a staircase back to the Dungeon here.
You climb upwards.
Welcome back to the Dungeon!
Level annotation: mibe's ghost, novice TrHu Mibe's ghost hits you but does no damage.
There is a staircase to the Ecumenical Temple, spattered with blood here.
Unknown command.
Unknown command.
You closely miss mibe's ghost. Your headbutt misses mibe's ghost.
You block mibe's ghost's attack.
You slash mibe's ghost! Your headbutt misses mibe's ghost.
Mibe's ghost is lightly damaged.
You slice mibe's ghost!!
Mibe's ghost is moderately damaged.
Mibe's ghost hits you!
* * * LOW HITPOINT WARNING * * *
Unknown command.
You hit mibe's ghost. Your headbutt misses mibe's ghost.
Your peck misses mibe's ghost.
Mibe's ghost is moderately damaged.
Mibe's ghost hits you.
* * * LOW HITPOINT WARNING * * *
Unknown command.
You hit mibe's ghost.
You headbutt mibe's ghost, but do no damage.
Mibe's ghost is heavily damaged.
Mibe's ghost hits you but does no damage.
You slash mibe's ghost!
You headbutt mibe's ghost, but do no damage.
You peck mibe's ghost, but do no damage.
Mibe's ghost is severely damaged.
Mibe's ghost hits you!
You die...

#.#<...>+
#...#...#..
###.#.#.#.#..
#.##............
#...............
####............
#............
#...W........
#....@.......
#............
#............
#.$..........
#.>..(.......
#............
#............
#............


You could see mibe's ghost.

Vanquished Creatures
  A black bear (D:3)
  A giant frog skeleton (D:4)
  A worker ant (D:5)
  An adder (D:2)
  An ooze (D:3)
  A dart slug (D:3)
  2 giant geckos (D:1)
  3 bats (D:3)
  8 hobgoblins
  5 jackals
  2 quokkas (D:3)
  7 kobolds
  2 rats
35 creatures vanquished.

Vanquished Creatures (others)
  A bat (D:3)
1 creature vanquished.

Grand Total: 36 creatures vanquished

Notes
Turn   | Place    | Note
-------+----------+-------------------------------------------
     0 | D:1      | Implojin the Minotaur Fighter began the quest for the Orb.
     0 | D:1      | Reached XP level 1. HP: 19/19 MP: 0/0
   104 | D:1      | Reached skill level 3 in Axes
   172 | D:1      | Reached XP level 2. HP: 15/26 MP: 1/1
   286 | D:2      | Reached skill level 4 in Axes
   352 | D:3      | Reached XP level 3. HP: 14/31 MP: 2/2
   379 | D:3      | Noticed a black bear
   384 | D:3      | Killed a black bear
   384 | D:3      | Reached skill level 6 in Axes
   384 | D:3      | Reached XP level 4. HP: 15/39 MP: 3/3
   418 | D:4      | Found Necixkini's Jewellery Boutique.
   421 | D:4      | Reached XP level 5. HP: 20/45 MP: 4/4
   683 | D:5      | Entered Level 5 of the Dungeon
   698 | D:5      | Reached skill level 7 in Axes
   702 | D:6      | Noticed mibe's ghost (novice TrHu)
   705 | D:6      | Found a staircase to the Ecumenical Temple.
   714 | Temple   | Entered the Ecumenical Temple
   756 | Temple   | Gained mutation: You have a beak for a mouth. [potion of mutation]
   756 | Temple   | Gained mutation: You are occasionally teleported next to monsters. [potion of mutation]
   756 | Temple   | Gained mutation: Your natural rate of healing is unusually fast. [potion of mutation]
   758 | Temple   | Became a worshipper of Warmaster Okawaru
   781 | D:6      | Slain by mibe's ghost

Vault maps used:
D:1:      minmay_arrival_plants_in_alcoves, serial_glass, glass_columns_a,
          glass_columns_b, glass_columns_b, glass_columns_b, minmay_pentomino_p2
D:3:      wad_pebble_path, first_bread, grunt_decor_resistance, minmay_quantized
D:4:      kiku_gazebo_garden_becter, lemuel_doored_altar, serial_shops,
          nicolae_shop_overgrown_old_shop, nicolae_shop_waterfront, uniq_pikel
D:5:      grunt_temple_overflow_diamond, serial_bayou_crossing
D:6:      hangedman_decor_points, nicolae_qazlal_general_emergency,
          uniq_menkaure
Temple:   hc_temple_tempest_star

Skill      XL: |  1  2  3  4  5 |
---------------+----------------+-----
Axes           | 3 4 6 7 |  7.0
Fighting       | |  3.6
Armour         | |  3.6
Shields        | |  3.6

Action                   |  1- 3 |  4- 6 || total
-------------------------+-------+-------++-------
Melee: War axe           |    36 |    36 ||    72
       Headbutt          |     9 |     4 ||    13
       Peck              |       |     1 ||     1
  Use: Potion            |     1 |     2 ||     3
       Scroll            |       |     2 ||     2
Armor: Scale mail        |    11 |       ||    11
       Chain mail        |    15 |    28 ||    43
Dodge: Dodged            |    22 |    14 ||    36
Block: Shield            |    37 |    24 ||    61

Table legend:
 A = Turns spent in this place as a percentage of turns spent in the entire game.
 B = Non-inter-level travel turns spent in this place as a percentage of non-inter-level travel turns spent in the entire game.
 C = Inter-level travel turns spent in this place as a percentage of turns spent in this place.
 D = Turns resting spent in this place as a percentage of non-inter-level travel turns spent in this place.
 E = Turns spent auto-exploring this place as a percentage of non-inter-level travel turns spent in this place.
 F = Non-inter-level travel turns spent in this place divided by the number of levels of this place that you've seen.
                   A       B       C       D       E      F
               +-------+-------+-------+-------+-------+----------------------
         Total | 100.0 | 100.0 |   0.0 |   0.0 |   0.0 | 117.0
       Dungeon |  92.4 |  92.4 |   0.0 |   0.0 |   0.0 | 126.2
        Temple |   7.6 |   7.6 |   0.0 |   0.0 |   0.0 |  62.0
               +-------+-------+-------+-------+-------+----------------------

Table legend:
 A = Kills in this place as a percentage of kills in entire the game.
 B = Kills by you in this place as a percentage of kills by you in the entire game.
 C = Kills by friends in this place as a percentage of kills by friends in the entire game.
 D = Other kills in this place as a percentage of other kills in the entire game.
 E = Experience gained in this place as a percentage of experience gained in the entire game.
 F = Experience gained in this place divided by the number of levels of this place that you have seen.
                   A       B       C       D       E      F
               +-------+-------+-------+-------+-------+----------------------
         Total | 100.0 | 100.0 |  -nan |  -nan | 100.0 |  40.7
       Dungeon | 100.0 | 100.0 |  -nan |  -nan | 100.0 |  47.5
               +-------+-------+-------+-------+-------+----------------------
